 Dungeon Crawl Stone Soup version 0.30-a0-782-ge64f9170bb (webtiles) character file.

Game seed: 10881459438033527012

163 Leeroy the Changer (level 5, 0/33 HPs)
             Began as an Octopode Transmuter on Feb 22, 2023.
             Slain by Natasha (3 damage)
             ... on level 2 of the Dungeon.
             The game lasted 00:03:08 (2497 turns).

Leeroy the Changer (Octopode Transmuter)            Turns: 2497, Time: 00:03:08

Health: 0/33       AC:  1    Str: 10    XL:     5   Next: 44%
Magic:  8/8        EV: 13    Int: 17    God:
Gold:   117        SH:  0    Dex: 12    Spells: 0/8 levels left

rFire   . . .      SeeInvis .      - Unarmed
rCold   . . .      Faith    .    (no shield)
rNeg    . . .      Spirit   .    (helmet restricted)
rPois   .          Reflect  .    (no amulet)
rElec   .          Harm     .    (no ring)
rCorr   .          Rampage  .    (no ring)
Will    .....                    (no ring)
Stlth   ++                       (no ring)
HPRegen 0.25/turn                (no ring)
MPRegen 0.11/turn                (no ring)
                                 (no ring)
                                 (no ring)

@: no status effects
A: almost no armour, amphibious, 8 rings, camouflage 1, gelatinous body 1,
(nimble swimmer 1), tentacles
a: no special abilities


You were on level 2 of the Dungeon.
You visited 1 branch of the dungeon, and saw 3 of its levels.

You collected 117 gold pieces.

Inventory:

Wands
 f - a wand of roots (6)
Scrolls
 b - 2 scrolls of fog
 c - a scroll of identify
 d - a scroll of teleportation
Potions
 a - a potion of lignification
 e - 2 potions of curing


   Skills:
 - Level 1.0 Fighting
 - Level 2.0 Dodging
 - Level 3.0 Unarmed Combat
 - Level 2.0 Spellcasting
 + Level 5.5 Transmutations


You couldn't memorise any spells.
You knew the following spells:

 Your Spells              Type           Power      Damage    Failure   Level
a - Beastly Appendage     Tmut           40%        N/A       1%          1
b - Spider Form           Tmut/Pois      11%        N/A       19%         3
c - Ice Form              Ice/Tmut       11%        N/A       52%         4

Your spell library contained the following spells:

 Spells                   Type           Power      Damage    Failure   Level
 Wereblood                Tmut           20%        N/A       3%          2
 Apportation              Tloc           2%         N/A       19%         1
 Alistair's Intoxication  Tmut/Pois      7%         N/A       86%         5


Dungeon Overview and Level Annotations

Branches:
Dungeon (3/15)

Altars:

Annotations:
D:2 1 runed translucent door, Crazy Yiuf, Natasha


Innate Abilities, Weirdness & Mutations

You cannot wear most types of armour.
You are amphibious.
You can wear up to eight rings at the same time.
Your skin changes colour to match your surroundings (Stealth+).
Your rubbery body absorbs attacks. (AC +1, EV +1)
((You are camouflaged when in or above water. (Stealth+)))
You have tentacles for arms and can constrict up to eight enemies at once.


Message History

HP restored.
You start waiting.
Natasha, Servant of Life and Death comes into view.
Natasha is nearby!
Natasha mumbles some strange words.
Natasha casts a spell.
You tentacle-slap the crimson imp but do no damage.
Your grab misses the crimson imp.
Your tentacle-slap misses the crimson imp.
You tentacle-slap the crimson imp but do no damage.
Your grab misses the crimson imp. The crimson imp misses you.
Natasha casts a spell at you. The magic dart hits you!
You miss the crimson imp. You grab the crimson imp.
You constrict the crimson imp, but do no damage.
The crimson imp hits you.
Natasha mumbles some strange words.
You completely miss the crimson imp. You squeeze the crimson imp.
The crimson imp is lightly wounded.
You constrict the crimson imp. The shadow imp hits you.
The crimson imp hits you. Natasha closely misses you.
The white imp spits at you. The white imp closely misses you.
You barely miss the crimson imp.
The crimson imp is lightly wounded.
You constrict the crimson imp. The shadow imp puffs mist at you.
The shadow imp hits you. The crimson imp barely misses you. Natasha claws you!
* * * LOW HITPOINT WARNING * * *
The white imp closely misses you.
You are too injured to fight recklessly!
You are too injured to fight recklessly!
You are too injured to fight recklessly!
You are too injured to fight recklessly!
You closely miss Natasha. You grab Natasha. You constrict Natasha.
You constrict the crimson imp. The shadow imp closely misses you.
The crimson imp hits you.
* * * LOW HITPOINT WARNING * * *
Natasha claws you.
You die...

.##.##.##.######...######.#..#.#
..#.##.##.................#..#.##
..#........................<.#...
..#.##.##.[.....>.........#.##.##
###.......####.#...#.####.#.##.#
# #....##.# #.#...#.# #......#
#..####.# #.#...#.# ###.####
#.......# #.#.5.#.# #.#
####.#########.#@..#.# #.#
.....#.......#.5h5...# #.##
######[#####.###...##### #..#
#.#####.##........# #### ##
#.##....##).>#.##.### #.
#.##.##.............# #g
#.##.##.##....###.#.# #)
#.......#.........#.# ##
####†####....######.###


You could see Natasha, a crimson imp (summoned), a white imp (summoned) and a
shadow imp (summoned).

Vanquished Creatures
  Jessica (D:2)
  Natasha (twice) (D:2)
  3 adders (D:2)
  2 worms (D:2)
  2 dart slugs (D:1)
  4 ball pythons
  3 endoplasms
  3 giant cockroaches
  6 goblins
  4 hobgoblins
  4 jackals (D:1)
  3 quokkas
  4 bats
  3 frilled lizards
  4 kobolds
  4 rats (D:1)
52 creatures vanquished.

Vanquished Creatures (others)
  A fungus (D:2)
1 creature vanquished.

Grand Total: 53 creatures vanquished

Notes
Turn   | Place    | Note
-------+----------+-------------------------------------------
     0 | D:1      | Leeroy the Octopode Transmuter began the quest for the Orb.
     0 | D:1      | Reached XP level 1. HP: 13/13 MP: 3/3
    77 | D:1      | Reached XP level 2. HP: 9/18 MP: 5/5
   174 | D:1      | Reached skill level 3 in Transmutations
   311 | D:1      | Reached XP level 3. HP: 18/23 MP: 6/6
   980 | D:2      | Reached skill level 4 in Transmutations
   980 | D:2      | Reached XP level 4. HP: 28/28 MP: 7/7
   984 | D:2      | Learned a level 3 spell: Spider Form
  1303 | D:2      | Noticed Jessica
  1306 | D:2      | Killed Jessica
  1499 | D:2      | Noticed Natasha
  1506 | D:2      | Killed Natasha
  1507 | D:2      | Reached skill level 5 in Transmutations
  1507 | D:2      | Reached XP level 5. HP: 20/33 MP: 8/8
  1512 | D:2      | Learned a level 4 spell: Ice Form
  1623 | D:2      | Noticed Natasha
  1715 | D:2      | Found a runed translucent door.
  1716 | D:2      | Noticed Crazy Yiuf
  2460 | D:2      | Killed Natasha
  2488 | D:2      | Noticed Natasha
  2497 | D:2      | Slain by Natasha

Illustrated notes

Levels and vault maps discovered:
D:1:      dpeg_arrival_rooms_with_view, layout_loops_cross, minmay_tromino_v4_c
D:2:      layout_loops_cross, uniq_crazy_yiuf_cottage, uniq_jessica,
          uniq_natasha
D:3:      wander_river, layout_basic, mainiacjoe_overflow_brackets,
          nicolae_overflow_two_pavilions, basic_ecumenical_altar, serial_shops,
          shop, amcnicky_mini_rare_corridor_liquid

Skill      XL: |  1  2  3  4 |
---------------+-------------+-----
Transmutations | 3 4 5 |  5.5
Fighting       | |  1.0
Dodging        | |  2.0
Unarmed Combat | |  3.0
Spellcasting   | |  2.0

Action                     |  1- 3 |  4- 6 || total
---------------------------+-------+-------++-------
  Melee: Unarmed           |    95 |    56 ||   151
         Tentacles         |    18 |    16 ||    34
         Constrict         |    23 |    14 ||    37
         Punch             |     1 |     4 ||     5
   Cast: Beastly Appendage |       |     1 ||     1
    Use: Scroll            |       |     3 ||     3
   Stab: Sleeping          |     9 |     3 ||    12
 Armour: Skin              |     9 |       ||     9
  Dodge: Dodged            |    57 |    26 ||    83

Table legend: (Time is in decaauts)
 A = Elapsed time spent in this place.
 B = Non-inter-level travel time spent in this place.
 C = Inter-level travel time spent in this place.
 D = Time resting spent in this place.
 E = Time spent auto-exploring this place.
 F = Levels seen in this place.
 G = Mean time per level.
                   A        B        C        D        E       F      G
               +--------+--------+--------+--------+--------+-----+--------+
         Total |   2488 |   2221 |    267 |    372 |   1411 |   3 |  829.3 |
       Dungeon |   2488 |   2221 |    267 |    372 |   1411 |   3 |  829.3 |
               +--------+--------+--------+--------+--------+-----+--------+

Top non-repeatable levels by time:
     D:2: 1624 daAuts
     D:1: 862 daAuts
     D:3: 1 daAuts
